 Dungeon Crawl Stone Soup version 0.30-a0-358-g0d69a1922f (webtiles) character file.

Game seed: 3193311062075471422

1528 LutherGrant the Carver (level 8, -1/42 HPs)
             Began as a Vine Stalker Fighter on Nov 8, 2022.
             Shot with an arrow by a centaur (5 damage)
             ... on level 7 of the Dungeon.
             The game lasted 00:10:11 (3224 turns).

LutherGrant the Carver (Vine Stalker Fighter)       Turns: 3224, Time: 00:10:12

Health: -1/42      AC: 15    Str: 18    XL:     8   Next: 85%
Magic:  0/9        EV:  8    Int:  8    God:
Gold:   293        SH:  6    Dex: 20    Spells: 7/7 levels left

rFire   . . .      SeeInvis .    k - +3 demon blade (elec)
rCold   . . .      Faith    .    c - +0 buckler
rNeg    + . .      Spirit   +    z - +1 chain mail "Liqiseoh" {Dex+3}
rPois   .          Reflect  .    l - +2 helmet
rElec   .          Harm     .    m - +1 cloak
rCorr   .          Rampage  .    (no gloves)
Will    +....                    (no boots)
Stlth   ..........               (no amulet)
HPRegen 1.07/turn                q - ring of positive energy
MPRegen 0.11/turn                (no ring)

@: no status effects
A: fangs 3, regeneration 1, magic shield, antimagic bite, no potion heal 2
a: no special abilities


You were on level 7 of the Dungeon.
You visited 1 branch of the dungeon, and saw 6 of its levels.

You collected 293 gold pieces.

Inventory:

Hand Weapons
 a - a +1 long sword of draining
 k - a +3 demon blade of electrocution (weapon)
Armour
 b - a +0 scale mail
 c - a +0 buckler (worn)
 l - a +2 helmet (worn)
 m - a +1 cloak (worn)
 z - the +1 chain mail "Liqiseoh" (worn) {Dex+3}
   (You found it on level 4 of the Dungeon)

   Dex:       It affects your dexterity (+3).
Jewellery
 q - a ring of positive energy (left hand)
Wands
 w - a wand of iceblast (4)
Scrolls
 f - a scroll of noise
 g - a scroll of vulnerability {unknown}
 j - 2 scrolls of immolation
 o - 2 scrolls of poison
 p - a scroll of amnesia
 y - 3 scrolls of enchant armour
Potions
 d - a potion of magic
 e - 2 potions of curing
 h - 2 potions of brilliance
 i - a potion of mutation
 t - a potion of degeneration
 A - a potion of attraction


   Skills:
 + Level 3.8 Fighting
 * Level 12.2 Long Blades
 + Level 3.5 Armour
 * Level 3.5 Dodging
 + Level 3.8 Shields


You had 7 spell levels left.
You didn't know any spells.
Your spell library was empty.

Dungeon Overview and Level Annotations

Branches:
Dungeon (5/15)
 Temple: D:4-7

Altars:

Shops:
D:1 *:![*   D:3 :


Innate Abilities, Weirdness & Mutations

You have razor-sharp teeth.
Your natural rate of healing is unusually fast.
When hurt, damage is shared between your health and your magic reserves.
Your bite disrupts and absorbs the magic of your enemies.
Potions cannot restore your health.


Message History

Okay, then.
Okay, then.
Unknown command.
You hit the centaur but do no damage. You bite the centaur.
You drain its power.
You feel invigorated.
The centaur is heavily wounded.
An orc priest comes into view. It is wielding a +0 dagger.
The centaur shoots an arrow.
The arrow closely misses you.
The centaur hits you but does no damage.
The centaur kicks you.
You hit the centaur. You bite the centaur.
You kill the centaur!
The centaur shoots an arrow.
The arrow hits you. The arrow freezes you.
* * * LOW HITPOINT WARNING * * *
A black bear comes into view.
The centaur shoots an arrow.
The arrow hits you!
* * * LOW HITPOINT WARNING * * *
The arrow freezes you.
* * * LOW HITPOINT WARNING * * *
The centaur shoots an arrow.
The arrow hits you but does no damage.
You hear an angry growl.
You see here a +0 shortbow.
Found a potion of brilliance.
The centaur shoots an arrow.
The arrow hits you but does no damage.
The centaur shoots an arrow.
The arrow hits you. The arrow freezes you.
* * * LOW HITPOINT WARNING * * *
The centaur shoots an arrow.
The arrow barely misses you.
The centaur shoots an arrow.
The arrow hits you!
* * * LOW HITPOINT WARNING * * *
The arrow freezes you.
* * * LOW HITPOINT WARNING * * *
The centaur shoots an arrow.
The arrow barely misses you.
Found a stone staircase leading up.
The centaur shoots an arrow.
The arrow hits you.
* * * LOW HITPOINT WARNING * * *
The arrow freezes you.
* * * LOW HITPOINT WARNING * * *
The centaur shoots an arrow.
The arrow hits you but does no damage.
The centaur shoots an arrow.
The arrow hits you.
You die...

.##. #.. .....#+#.#
....!.....#
..........############
....................<#
.....................#
..............@......#
........h............#
.......o.............#
#...##.c#............#
#.# ##.#............#
#oc.###)#............#
#..c.#............#
#.#h.#............#
#.......##########


You could see a black bear, a centaur and an orc priest.

Vanquished Creatures
  3 centaurs
  A phantom (D:5)
  A scorpion (D:5)
  5 orc priests
  2 hounds
  A jelly (D:5)
  Ijyb (D:4)
  2 iguanas
  An orc wizard (D:5)
  3 gnolls (D:3)
  7 adders
  3 worms
  A dart slug (D:3)
  7 orcs
  6 ball pythons
  4 bats
  5 endoplasms
  5 giant cockroaches
  5 goblins
  2 hobgoblins (D:3)
  5 jackals
  4 quokkas
  3 frilled lizards
  4 kobolds
  5 rats
86 creatures vanquished.

Notes
Turn   | Place    | Note
-------+----------+-------------------------------------------
     0 | D:1      | LutherGrant the Vine Stalker Fighter began the quest for
                  | the Orb.
     0 | D:1      | Reached XP level 1. HP: 11/11 MP: 2/2
    45 | D:1      | Found Fiom's General Store.
   205 | D:1      | Reached skill level 2 in Long Blades
   227 | D:1      | Reached XP level 2. HP: 13/16 MP: 3/3
   264 | D:1      | Found Nucoasob's Distillery.
   302 | D:1      | Found Felaif's Armour Boutique.
   620 | D:1      | Found Wariotz's Book Shop.
   640 | D:1      | Found Eprydgh's General Store.
   787 | D:2      | Reached skill level 1 in Dodging
   787 | D:2      | Reached XP level 3. HP: 10/19 MP: 4/4
  1406 | D:3      | Gained mutation: Your natural rate of healing is unusually
                  | fast. [Vine Stalker growth]
  1406 | D:3      | Reached XP level 4. HP: 22/22 MP: 5/5
  1422 | D:3      | Noticed a centaur
  1429 | D:3      | Killed a centaur
  1430 | D:3      | Reached XP level 5. HP: 7/28 MP: 4/6
  1640 | D:3      | Found Mil Pio's Book Boutique.
  1775 | D:3      | Reached skill level 3 in Long Blades
  2215 | D:4      | Reached XP level 6. HP: 32/32 MP: 5/7
  2244 | D:4      | Identified the +4 sling of Ceonin {drain, Will- Int+2
                  | Stlth+}
  2271 | D:4      | Noticed Ijyb
  2278 | D:4      | Killed Ijyb
  2322 | D:4      | Identified the +1 chain mail "Liqiseoh" {Dex+3}
  2611 | D:5      | Entered Level 5 of the Dungeon
  2662 | D:5      | Reached XP level 7. HP: 24/36 MP: 2/8
  2772 | D:5      | Reached skill level 4 in Long Blades
  2987 | D:5      | Identified a scroll of acquirement
  2987 | D:5      | Acquired a +2 demon blade of electrocution
  3008 | D:5      | Reached skill level 12 in Long Blades
  3008 | D:5      | Gained mutation: You have razor-sharp teeth. [Vine Stalker
                  | growth]
  3008 | D:5      | Reached XP level 8. HP: 42/42 MP: 7/9
  3207 | D:5      | You fall into a shaft and drop 2 floors!
  3224 | D:7      | Shot with an arrow by a centaur

Illustrated notes

Levels and vault maps discovered:
D:1:      minmay_arrival_loop, layout_loops_ring, serial_shops, shop_statue,
          shop, shop, nicolae_square_shop, shop, hangedman_decor_clover_reticule
D:2:      layout_basic
D:3:      layout_basic, serial_shops, shop, minmay_three_crescents
D:4:      layout_cave_pools, uniq_ijyb
D:5:      layout_basic
D:7:      layout_basic, minmay_starry_boxes

Skill      XL: |  1  2  3  4  5  6  7 |
---------------+----------------------+-----
Long Blades    | 2 3 12 | 12.2
Dodging        | 1 2 3 |  3.5
Fighting       | 3 |  3.8
Shields        | 3 |  3.8
Armour         | 3 |  3.5

Action                   |  1- 3 |  4- 6 |  7- 9 || total
-------------------------+-------+-------+-------++-------
Melee: Long sword        |    80 |    96 |    25 ||   201
       Bite              |    14 |    25 |    12 ||    51
       Demon blade       |       |       |    17 ||    17
  Use: Potion            |       |     3 |     2 ||     5
       Scroll            |       |       |    19 ||    19
Armor: Scale mail        |    41 |    29 |       ||    70
       Chain mail        |       |     6 |    20 ||    26
Dodge: Dodged            |    29 |    48 |    23 ||   100
Block: Buckler           |    14 |    23 |    13 ||    50

Table legend: (Time is in decaauts)
 A = Elapsed time spent in this place.
 B = Non-inter-level travel time spent in this place.
 C = Inter-level travel time spent in this place.
 D = Time resting spent in this place.
 E = Time spent auto-exploring this place.
 F = Levels seen in this place.
 G = Mean time per level.
                   A        B        C        D        E       F      G
               +--------+--------+--------+--------+--------+-----+--------+
         Total |   3276 |   3183 |     93 |      8 |   2537 |   6 |  546.0 |
       Dungeon |   3276 |   3183 |     93 |      8 |   2537 |   6 |  546.0 |
               +--------+--------+--------+--------+--------+-----+--------+

Top non-repeatable levels by time:
     D:3: 883 daAuts
     D:1: 787 daAuts
     D:5: 599 daAuts
     D:4: 530 daAuts
     D:2: 458 daAuts
     D:7: 16 daAuts
